 Dungeon Crawl Stone Soup version 0.31-a0-656-gb4d89c20fa (webtiles) character file.

Game seed: 15345437293959722197

5077 cforsyth the Prestidigitator (level 10, -5/76 HPs)
             Began as a Gnoll Artificer on Aug 30, 2023.
             Slain by a warg (12 damage)
             ... on level 9 of the Dungeon.
             The game lasted 00:14:20 (9841 turns).

cforsyth the Prestidigitator (Gnoll Artificer)      Turns: 9841, Time: 00:14:20

Health: -5/76      AC: 18    Str: 11    XL:     10   Next: 56%
Magic:  18/18      EV:  8    Int: 15    God:
Gold:   476        SH:  0    Dex: 13    Spells: 20/20 levels left

rFire   . . .        A - +1 scimitar (freeze)
rCold   . . .        (no shield)
rNeg    . . .        e - +1 chain mail {rPois}
rPois   +            m - +0 helmet
rElec   .            (no cloak)
rCorr   .            (no gloves)
SInv    +            r - +0 pair of boots
Will    .....        (no amulet) Stlth
                     b - +4 ring of protection
HPRegen 0.32/turn    D - ring of see invisible
MPRegen 0.16/turn

%: no passive effects
@: studying Transmutations
A: fangs 1, strong nose, distributed training
a: no special abilities


You were on level 9 of the Dungeon.
You visited 2 branches of the dungeon, and saw 10 of its levels.
You also visited: Ossuary.

You collected 476 gold pieces.

Inventory:

Hand Weapons
 a - a +0 spectral club
 u - a +3 dagger of venom
 A - a +1 scimitar of freezing (weapon)
Missiles
 o - 22 poisoned darts
Armour
 e - a +1 chain mail of poison resistance (worn)
 f - a +1 kite shield of positive energy
 j - a +0 plate armour
 m - a +0 helmet (worn)
 r - a +0 pair of boots (worn)
 H - the +3 robe "Zynt" {rF+}
   (You found it on level 9 of the Dungeon)

   rF+:       It protects you from fire.
Jewellery
 b - a +4 ring of protection (left hand)
 i - a +6 ring of dexterity
 D - a ring of see invisible (right hand)
Wands
 c - a wand of flame (21) (quivered)
 d - a wand of charming (13)
 E - a wand of quicksilver (3)
 F - a wand of paralysis (6)
Scrolls
 n - a scroll of enchant weapon
 p - 6 scrolls of teleportation
 q - 5 scrolls of brand weapon
 s - 5 scrolls of blinking
 y - 2 scrolls of amnesia
 B - a scroll of noise {unknown}
 G - a scroll of enchant armour
Potions
 g - 3 potions of invisibility
 h - 4 potions of magic
 k - a potion of experience {unknown}
 l - 3 potions of heal wounds {unknown}
 t - a potion of ambrosia {unknown}
 v - a potion of cancellation {unknown}
 w - a potion of resistance
 x - a potion of curing
 z - 2 potions of might
 C - a potion of haste {unknown}


   Skills:
 + Level 6.1 Fighting
 + Level 5.5 Short Blades
 + Level 5.5 Long Blades
 + Level 5.5 Axes
 + Level 5.5 Maces & Flails
 + Level 5.5 Polearms
 + Level 5.5 Staves
 + Level 5.5 Ranged Weapons
 + Level 5.5 Throwing
 + Level 7.2 Armour
 + Level 6.1 Dodging
 + Level 6.0 Stealth
 + Level 5.5 Shields
 + Level 5.5 Unarmed Combat
 + Level 5.5 Spellcasting
 + Level 4.5 Conjurations
 + Level 4.5 Hexes
 + Level 4.5 Summonings
 + Level 4.5 Necromancy
 + Level 4.5 Translocations
 + Level 5.0 Transmutations
 + Level 4.5 Fire Magic
 + Level 4.5 Ice Magic
 + Level 4.5 Air Magic
 + Level 4.5 Earth Magic
 + Level 4.5 Poison Magic
 + Level 6.0 Invocations
 + Level 8.6 Evocations
 + Level 5.0 Shapeshifting


You had 20 spell levels left.
You didn't know any spells.
Your spell library contained the following spells:

 Spells                   Type           Power      Damage    Failure   Level
 Apportation              Tloc           34%        N/A       45%         1
 Sandblast                Erth           34%        2d9       45%         1
 Summon Small Mammal      Summ           68%        N/A       45%         1
 Passwall                 Tmut/Erth      15%        N/A       56%         2
 Call Canine Familiar     Summ           17%        N/A       83%         3
 Dazzling Flash           Conj/Hex       34%        N/A       83%         3
 Hailstorm                Conj/Ice       17%        3d6       83%         3
 Stone Arrow              Conj/Erth      34%        3d9       83%         3
 Summon Guardian Golem    Hex/Summ       17%        N/A       83%         3
 Volatile Blastmotes      Fire/Tloc      34%        2d12      83%         3
 Alistair's Intoxication  Tmut/Pois      12%        N/A       100%        5
 Metabolic Englaciation   Hex/Ice        8%         N/A       100%        5
 Starburst                Conj/Fire      8%         6d4       100%        6
 Maxwell's Capacitive Co  Air            8%         ∞         100%        8


Dungeon Overview and Level Annotations

Branches:
Dungeon (9/15)             Temple (1/1) D:5            Lair (0/5) D:9
Ossuary (visited)
    Orc: D:9-12

Altars:
Ashenzari
Cheibriados
Dithmenos
Elyvilon
Fedhas
Gozag
Kikubaaqudgha
Nemelex Xobeh
Okawaru
Qazlal
Ru
Sif Muna
Trog
Uskayaw
Vehumet
Wu Jian
Xom
Yredelemnul
Zin
The Shining One

Shops:
D:6 =

Annotations:
D:5 4 runed translucent doors, Crazy Yiuf; MrSquiggles's ghost, amateur BaMo


Innate Abilities, Weirdness & Mutations

You have very sharp teeth.
Your uncanny sense of smell can sniff out nearby items.
Your experience applies equally to all skills.


Message History

You barely miss the warg. Your punch misses the warg.
The warg is heavily wounded.
The warg closely misses you.
You closely miss the warg.
The warg is heavily wounded.
The warg bites you! The warg bites you.
You are too injured to fight recklessly!
You are too injured to fight recklessly!
You are too injured to fight recklessly!
You are too injured to fight recklessly!
You are too injured to fight recklessly!
You are too injured to fight recklessly!
You are too injured to fight recklessly!
You are too injured to fight recklessly!
You are too injured to fight recklessly!
You are too injured to fight recklessly!
You hit the warg but do no damage. You punch the warg.
The warg is heavily wounded.
The warg bites you but does no damage.
You slash the warg! You freeze the warg. You bite the warg, but do no damage.
The warg is severely wounded.
The warg bites you but does no damage. x2
You closely miss the warg.
The warg is severely wounded.
The warg bites you.
You miss the warg.
The warg is severely wounded.
The warg misses you.
You barely miss the warg.
The warg is severely wounded.
The warg misses you. The warg bites you!
* * * LOW HITPOINT WARNING * * *
You hit the warg. You freeze the warg.
The warg is severely wounded.
The warg bites you!
* * * LOW HITPOINT WARNING * * *
You barely miss the warg. You bite the warg, but do no damage.
The warg is severely wounded.
The warg closely misses you. The warg bites you!
You die...

.####.......###.#####
......#.### #.#
........### #.#
#.........# #.#
.....<....# #.#
#.........###.#
###.......#.#
#...###.#.####
##...Yh@......#
#....########.#
#.#.... # #.#..## ###
######.#Yh###...
#.............#
#....#.#....#
#...........# ∆
>........#Y..<#


You could see a yak and a warg.

Vanquished Creatures
  A two-headed ogre (D:7)
  A centaur warrior (D:9)
  A kobold demonologist (D:9)
  2 hornets
  3 yaks
  A warg (D:9)
  Duvessa (D:4)
  3 water moccasins
  An orc warrior (D:7)
  2 black bears
  An ogre (D:5)
  A phantom (D:7)
  5 centaurs
  2 bullfrogs
  An elf zombie (Ossuary)
  A scorpion (D:7)
  4 wights (D:6)
  2 howler monkeys (D:9)
  A human zombie (Ossuary)
  2 hounds
  5 orc priests
  5 sleepcaps
  Natasha (twice) (D:4)
  An iguana (D:7)
  4 orc wizards
  4 mummies (Ossuary)
  Robin (D:4)
  7 adders
  3 gnolls (D:2)
  2 shadow imps
  A white imp (D:7)
  2 ufetubi (D:6)
  2 adder zombies (Ossuary)
  3 worms (D:2)
  3 dart slugs
  20 orcs
  8 endoplasms
  A giant cockroach (D:2)
  3 gnoll zombies (Ossuary)
  10 goblins
  12 hobgoblins
  7 kobolds
  4 quokkas
  6 ball pythons
  8 bats
  4 frilled lizards
  3 hobgoblin zombies (Ossuary)
  2 orc zombies (Ossuary)
  5 rats
174 creatures vanquished.

Vanquished Creatures (collateral kills)
  Dowan (D:4)
  A hobgoblin (D:4)
2 creatures vanquished.

Grand Total: 176 creatures vanquished

Notes
Turn   | Place    | Note
-------+----------+-------------------------------------------
     0 | D:1      | cforsyth the Gnoll Artificer began the quest for the Orb.
     0 | D:1      | Reached XP level 1. HP: 17/17 MP: 1/1
   301 | D:1      | Reached XP level 2. HP: 23/23 MP: 2/2
   570 | D:2      | Reached XP level 3. HP: 27/28 MP: 2/4
   595 | D:2      | Found a hide-covered altar of Uskayaw.
   758 | D:2      | Reached skill level 1 in Invocations
   986 | D:2      | Reached skill level 1 in Short Blades
   986 | D:2      | Reached skill level 1 in Long Blades
   986 | D:2      | Reached skill level 1 in Axes
   986 | D:2      | Reached skill level 1 in Maces & Flails
   986 | D:2      | Reached skill level 1 in Polearms
   986 | D:2      | Reached skill level 1 in Staves
   986 | D:2      | Reached skill level 1 in Ranged Weapons
   986 | D:2      | Reached skill level 1 in Throwing
   986 | D:2      | Reached skill level 1 in Shields
   986 | D:2      | Reached skill level 1 in Unarmed Combat
   986 | D:2      | Reached skill level 1 in Spellcasting
  1044 | D:2      | Reached XP level 4. HP: 11/34 MP: 5/5
  1051 | D:2      | HP: 1/34 [poisoned by an adder]
  1266 | D:2      | Reached skill level 1 in Shapeshifting
  1494 | D:2      | Reached skill level 1 in Conjurations
  1494 | D:2      | Reached skill level 1 in Hexes
  1494 | D:2      | Reached skill level 1 in Summonings
  1494 | D:2      | Reached skill level 1 in Necromancy
  1494 | D:2      | Reached skill level 1 in Translocations
  1494 | D:2      | Reached skill level 1 in Transmutations
  1494 | D:2      | Reached skill level 1 in Fire Magic
  1494 | D:2      | Reached skill level 1 in Ice Magic
  1494 | D:2      | Reached skill level 1 in Air Magic
  1494 | D:2      | Reached skill level 1 in Earth Magic
  1494 | D:2      | Reached skill level 1 in Poison Magic
  1589 | D:2      | Found a faded altar of an unknown god.
  1807 | D:2      | Reached XP level 5. HP: 40/40 MP: 6/6
  3054 | D:4      | Noticed Natasha
  3060 | D:4      | Killed Natasha
  3157 | D:4      | Noticed Duvessa
  3158 | D:4      | Noticed Dowan
  3200 | D:4      | Killed Dowan
  3201 | D:4      | Reached XP level 6. HP: 46/47 MP: 8/8
  3206 | D:4      | Killed Duvessa
  3207 | D:4      | Reached skill level 5 in Armour
  3411 | D:4      | Noticed Robin
  3431 | D:4      | Killed Robin
  3466 | D:4      | Noticed Natasha
  3483 | D:4      | Killed Natasha
  3845 | D:5      | Entered Level 5 of the Dungeon
  3850 | D:4      | Reached XP level 7. HP: 52/52 MP: 10/10
  3856 | D:4      | Reached skill level 7 in Evocations
  4439 | D:5      | Found a runed translucent gate.
  4439 | D:5      | Found a runed translucent gate.
  4440 | D:5      | Found a runed translucent gate.
  4442 | D:5      | Noticed MrSquiggles's ghost (amateur BaMo)
  4583 | D:5      | Found a staircase to the Ecumenical Temple.
  4601 | Temple   | Entered the Ecumenical Temple
  4607 | D:5      | Reached XP level 8. HP: 10/60 MP: 12/12
  4826 | D:5      | Found a runed translucent door.
  4827 | D:5      | Noticed Crazy Yiuf
  4913 | D:5      | Found a white marble altar of Elyvilon.
  4914 | D:5      | Found a glowing golden altar of the Shining One.
  4915 | D:5      | Found a glowing silver altar of Zin.
  5099 | D:6      | Found Simit's Jewellery Boutique.
  5498 | D:6      | Found a sand-covered staircase.
  5505 | Ossuary  | Entered an ossuary
  5862 | D:6      | Got the Omnibus of Frost
  6404 | D:7      | Noticed a hornet
  6414 | D:7      | Killed a hornet
  6700 | D:7      | Reached XP level 9. HP: 66/66 MP: 14/14
  7260 | D:7      | Reached skill level 5 in Fighting
  7260 | D:7      | Reached skill level 5 in Dodging
  7353 | D:7      | Noticed a two-headed ogre
  7363 | D:7      | Killed a two-headed ogre
  7364 | D:7      | Reached skill level 5 in Stealth
  7364 | D:7      | Reached skill level 5 in Invocations
  7364 | D:7      | Reached skill level 8 in Evocations
  7652 | D:8      | Found an iron altar of Okawaru.
  7767 | D:8      | Noticed a hornet
  7781 | D:8      | Killed a hornet
  8146 | D:8      | Reached XP level 10. HP: 70/75 MP: 17/17
  8219 | D:8      | Reached skill level 5 in Short Blades
  8219 | D:8      | Reached skill level 5 in Long Blades
  8219 | D:8      | Reached skill level 5 in Axes
  8219 | D:8      | Reached skill level 5 in Maces & Flails
  8219 | D:8      | Reached skill level 5 in Polearms
  8219 | D:8      | Reached skill level 5 in Staves
  8219 | D:8      | Reached skill level 5 in Ranged Weapons
  8219 | D:8      | Reached skill level 5 in Throwing
  8219 | D:8      | Reached skill level 5 in Shields
  8219 | D:8      | Reached skill level 5 in Unarmed Combat
  8219 | D:8      | Reached skill level 5 in Spellcasting
  8809 | D:8      | Found an iron altar of Okawaru.
  9365 | D:9      | Noticed a centaur warrior
  9379 | D:9      | Killed a centaur warrior
  9693 | D:9      | Noticed a kobold demonologist
  9719 | D:9      | Identified the +3 robe "Zynt" {rF+}
  9729 | D:9      | Killed a kobold demonologist
  9730 | D:9      | Reached skill level 5 in Shapeshifting
  9757 | D:9      | Found a staircase to the Lair.
  9830 | D:9      | Reached skill level 5 in Transmutations
  9841 | D:9      | Slain by a warg

Illustrated notes

Levels and vault maps discovered:
D:1:      dpeg_arrival_three_bigger_balls, layout_basic
D:2:      cheibrodos_helix_gallery, layout_loops_ring,
          nicolae_ecumenical_oubliette, basic_altar, minmay_pentomino_p2
D:3:      layout_basic, nrook_loot_triangle
D:4:      layout_loops_ring, minmay_misc_feat_iff, uniq_duvessa, uniq_robin,
          uniq_natasha
D:5:      layout_cave_pools, good_gods_temple_1,
          minmay_temple_entry_stoned_glass, gammafunk_ghost_necromancy,
          chequers_serial_rivers_large_a, chequers_serial_rivers_large_b,
          hangedman_abyss_or_decor_slice, uniq_crazy_yiuf_cottage
D:6:      layout_loops_ring, serial_shops, shop, chequers_ossuary_entry_cave
D:7:      layout_basic
D:8:      layout_gridville, okawaru_trees_2, minmay_manual_mares
D:9:      layout_basic, erik_lair_orcish_takeover, minmay_misc_feat_columns
Temple:   minmay_freezing_vapour_temple

Skill      XL: |  1  2  3  4  5  6  7  8  9 10 |
---------------+-------------------------------+-----
Invocations    | 1 2 3 4 5 6 |  6.0
Short Blades   | 1 2 3 4 5 |  5.5
Long Blades    | 1 2 3 4 5 |  5.5
Axes           | 1 2 3 4 5 |  5.5
Maces & Flails | 1 2 3 4 5 |  5.5
Polearms       | 1 2 3 4 5 |  5.5
Staves         | 1 2 3 4 5 |  5.5
Ranged Weapons | 1 2 3 4 5 |  5.5
Throwing       | 1 2 3 4 5 |  5.5
Shields        | 1 2 3 4 5 |  5.5
Unarmed Combat | 1 2 3 4 5 |  5.5
Spellcasting   | 1 2 3 4 5 |  5.5
Shapeshifting  | 1 2 3 4 5 |  5.0
Conjurations   | 1 2 3 4 |  4.5
Hexes          | 1 2 3 4 |  4.5
Summonings     | 1 2 3 4 |  4.5
Necromancy     | 1 2 3 4 |  4.5
Translocations | 1 2 3 4 |  4.5
Transmutations | 1 2 3 4 5 |  5.0
Fire Magic     | 1 2 3 4 |  4.5
Ice Magic      | 1 2 3 4 |  4.5
Air Magic      | 1 2 3 4 |  4.5
Earth Magic    | 1 2 3 4 |  4.5
Poison Magic   | 1 2 3 4 |  4.5
Fighting       | 3 4 5 6 |  6.1
Dodging        | 3 4 5 6 |  6.1
Stealth        | 3 4 5 6 |  6.0
Armour         | 5 6 7 |  7.2
Evocations     | 7 8 |  8.6

Action                     |  1- 3 |  4- 6 |  7- 9 | 10-12 || total
---------------------------+-------+-------+-------+-------++-------
  Melee: Club              |   159 |   153 |       |       ||   312
         Bite              |    16 |    27 |    49 |    18 ||   110
         Punch             |     4 |     2 |    12 |     4 ||    22
         Dagger            |       |   104 |   232 |       ||   336
         Scimitar          |       |       |   142 |    98 ||   240
  Evoke: Wand              |     1 |     8 |    20 |     7 ||    36
    Use: Scroll            |       |       |    15 |     1 ||    16
   Stab: Sleeping          |     2 |       |       |       ||     2
         Paralysed         |       |       |       |     4 ||     4
 Armour: Leather armour    |     9 |       |       |       ||     9
         Scale mail        |    71 |    21 |       |       ||    92
         Plate armour      |       |   168 |       |       ||   168
         Chain mail        |       |    57 |   289 |   111 ||   457
  Dodge: Dodged            |    81 |    67 |   155 |    46 ||   349

Table legend: (Time is in decaauts)
 A = Elapsed time spent in this place.
 B = Non-inter-level travel time spent in this place.
 C = Inter-level travel time spent in this place.
 D = Time resting spent in this place.
 E = Time spent auto-exploring this place.
 F = Levels seen in this place.
 G = Mean time per level.
                   A        B        C        D        E       F      G
               +--------+--------+--------+--------+--------+-----+--------+
         Total |   9967 |   9666 |    301 |    639 |   7051 |  11 |  906.1 |
       Dungeon |   9624 |   9323 |    301 |    639 |   6841 |   9 | 1069.3 |
        Temple |      1 |      1 |      0 |      0 |      0 |   1 |    1.0 |
       Ossuary |    341 |    341 |      0 |      0 |    210 |   1 |  341.0 |
               +--------+--------+--------+--------+--------+-----+--------+

Top non-repeatable levels by time:
     D:2: 1524 daAuts
     D:8: 1493 daAuts
     D:7: 1448 daAuts
     D:4: 1370 daAuts
     D:5: 951 daAuts
     D:6: 921 daAuts
     D:3: 796 daAuts
     D:1: 561 daAuts
     D:9: 556 daAuts
 Ossuary: 341 daAuts
  Temple: 1 daAuts
